Gangsters vs Remparts
(R1)
Created - October 23, 2018 at 18:59
Goals
|
Gangsters |
0 |
2 |
0 |
2 |
Remparts |
0 |
4 |
2 |
6 |
|
Shots
|
Gangsters |
8 |
12 |
6 |
26 |
Remparts |
10 |
17 |
12 |
39 |
|
1st period
No Goal
Penalties :
Mitchell Heard (Que) for Tripping (Minor) at 16:22
2nd period
1. Gangsters , Stefan Noesen 3 (Brett Ponich 3) at 1:07
2. Remparts , Michal Jordan 1 (Ryan Strome 2) at 3:04 (PP)
3. Remparts , Guillaume Desbiens 3 (Brandon Gormley 5, Andre Burakovsky 5) at 3:24
4. Remparts , Juuso Ikonen 1 (Justin Williams 1, Brandon Gormley 6) at 4:39
5. Remparts , Ryan Strome 2 (Griffin Reinhart 2, Michal Jordan 1) at 6:12
6. Gangsters , Tomas Hertl 3 (Patrik Nemeth 4) at 7:00
Penalties :
Brett Ponich (Bro) for Roughing (Minor) at 2:42, Dave Dziurzynski (Bro) for Hooking (Minor) at 4:56, Andre Burakovsky (Que) for Tripping (Minor) at 5:00, David Pope (Bro) for Hooking (Minor) at 11:19
3rd period
7. Remparts , Justin Williams 2 (Niklas Hansson 1) at 9:42
8. Remparts , Ryan Strome 3 (Brandon Mashinter 2) at 12:48
Penalties :
Ryan Strome (Que) for High sticking (Minor) at 0:29, Guillaume Desbiens (Que) for Hooking (Minor) at 7:03, Jonas Brodin (Bro) for Hooking (Minor) at 12:51
Goalie Stats
Mike Condon (Bro), 21 saves from 23 shots - (0.913), 33:48 minutes
Dustin Tokarski (Bro), 12 saves from 16 shots - (0.750), L, 1-4-0, 26:12 minutes
Tyler Plante (Que), 24 saves from 26 shots - (0.923), W, 1-0-0, 60:00 minutes
Players Stats for Gangsters
Player Name G A P +/- PIM S H SB GA TA FO MP PP MP PK MP
------------------------------------------------------------------------------------
Alexander Wennberg 0 0 0 -2 0 3 1 0 1 0 18/33 21:23 3:12 0:00
Brett Ponich 0 1 1 0 2 0 0 0 0 0 0/0 21:40 3:23 1:31
Dave Dziurzynski 0 0 0 0 2 4 2 0 1 0 0/1 21:33 3:16 1:02
David Pope 0 0 0 -1 2 0 1 0 0 0 0/0 17:01 2:45 0:00
Derrick Pouliot 0 0 0 -1 0 0 0 0 0 0 0/0 13:16 0:12 1:25
Devante Smith-Pelly 0 0 0 -1 0 5 2 0 0 1 0/0 16:37 2:45 0:00
Jonas Brodin 0 0 0 -2 2 1 0 1 0 1 0/0 16:12 1:53 0:00
Kevin Roy 0 0 0 1 0 0 0 0 0 0 0/0 2:16 0:04 0:00
Matt Delahey 0 0 0 -2 0 2 0 1 0 0 0/0 29:02 3:18 2:53
Maxime Sauvé 0 0 0 -1 0 1 1 1 0 0 8/19 18:04 0:00 3:09
Morgan Ellis 0 0 0 0 0 0 1 2 0 2 0/0 21:02 2:31 1:31
Patrik Nemeth 0 1 1 -1 0 2 1 1 1 1 0/0 18:46 0:45 1:28
Phillip Danault 0 0 0 -1 0 0 0 0 0 0 0/0 10:41 0:00 0:13
Richard Panik 0 0 0 -2 0 1 4 0 0 1 1/2 24:32 3:12 3:09
Sebastian Collberg 0 0 0 0 0 0 0 0 0 0 0/0 6:04 0:00 0:00
Seth Griffith 0 0 0 0 0 1 0 0 0 0 1/1 6:04 0:00 0:00
Stefan Noesen 1 0 1 -1 0 3 1 1 0 0 1/1 10:41 0:00 0:13
Tomas Hertl 1 0 1 0 0 3 5 0 1 0 4/9 18:43 2:49 1:02
Players Stats for Remparts
Player Name G A P +/- PIM S H SB GA TA FO MP PP MP PK MP
------------------------------------------------------------------------------------
Andre Burakovsky 0 1 1 0 2 3 0 1 1 0 0/0 19:54 2:58 0:00
Anton Zlobin 0 0 0 0 0 0 0 0 0 0 0/0 7:55 0:00 0:00
Brandon Gormley 0 2 2 0 0 6 2 2 0 0 0/0 28:49 2:40 3:30
Brandon Mashinter 0 1 1 1 0 2 1 1 0 1 8/15 16:55 1:21 2:17
Chris Mueller 0 0 0 1 0 2 1 1 0 0 0/2 9:44 0:00 0:20
Erik Gustafsson 0 0 0 0 0 1 0 2 0 1 0/0 28:49 2:40 3:30
Griffin Reinhart 0 1 1 1 0 0 1 1 0 0 0/0 19:49 1:44 2:31
Guillaume Desbiens 1 0 1 1 2 7 2 0 1 0 1/1 20:29 1:24 2:08
Justin Williams 1 1 2 1 0 3 2 0 1 0 0/0 9:23 0:00 0:00
Juuso Ikonen 1 0 1 0 0 1 0 0 0 0 0/0 12:57 0:04 2:13
Max Reinhart 0 0 0 1 0 4 1 1 2 1 22/41 24:33 3:02 3:06
Michal Jordan 1 1 2 1 0 2 1 0 1 0 0/0 19:49 1:44 2:31
Mitchell Heard 0 0 0 -1 2 0 0 0 0 0 1/2 9:15 0:01 1:03
Niklas Hansson 0 1 1 2 0 0 0 0 0 0 0/0 11:22 0:00 0:00
Roberts Lipsbergs 0 0 0 2 0 0 2 0 0 0 0/1 15:09 1:21 0:32
Ryan Strome 2 1 3 2 2 8 2 0 0 1 1/3 17:51 3:00 0:23
Tim Bozon 0 0 0 0 0 0 1 0 0 0 0/1 7:55 0:00 0:00
Viktor Baldayev 0 0 0 2 0 0 0 4 0 0 0/0 11:22 0:00 0:00
3 Stars
1 - Ryan Strome (Que)
2 - Justin Williams (Que)
3 - Michal Jordan (Que)
Power Play
Gangsters - 0 on 4 Attempt(s) - 0.00%
Remparts - 1 on 4 Attempt(s) - 25.00%
Penalty Kill
Gangsters - 3 on 4 Attempt(s) - 75.00%
- Score 0 goal in Penalty Kill
Remparts - 4 on 4 Attempt(s) - 100.00%
- Score 0 goal in Penalty Kill
Team Stat
Gangsters - Hits : 19 - Faceoff Wins : 33 - Blocked Shots : 7 - Penalty Minutes : 8
Remparts - Hits : 16 - Faceoff Wins : 33 - Blocked Shots : 13 - Penalty Minutes : 8
Official
Referees : Unknown
Linesman : Unknown
Game Notes
Mike Condon enters game at 6:12 of 2nd period
Patrik Nemeth is injured at 19:35 of 2nd period (Left Hand)
Finance
Level 1 -- Attendance: 1441 (72.05%) -- Ticket Income $43,230
Level 2 -- Attendance: 812 (81.20%) -- Ticket Income $16,240
Total Attendance: 2253 (75.10%)
Total Ticket Income: $59,470
Other Income: $2,974
Total Income: $62,444
Gangsters
5 vs 5 Forward
Center Left Wing Right Wing Time % Phy DF OF
1 Alexander Wennberg Dave Dziurzynski Richard Panik 40 1 2 2
2 Tomas Hertl David Pope Devante Smith-Pelly 30 1 2 2
3 Maxime Sauvé Phillip Danault Stefan Noesen 20 1 2 2
4 Seth Griffith Maxime Sauvé Sebastian Collberg 10 1 2 2
5 vs 5 Defense
Defense Defense Time % Phy DF OF
1 Patrik Nemeth Matt Delahey 40 1 2 2
2 Morgan Ellis Brett Ponich 30 1 2 2
3 Jonas Brodin Derrick Pouliot 20 1 2 2
4 Patrik Nemeth Matt Delahey 10 1 2 2
PowerPlay Forward
Center Left Wing Right Wing Time % Phy DF OF
1 Alexander Wennberg Dave Dziurzynski Richard Panik 60 1 2 2
2 Tomas Hertl David Pope Devante Smith-Pelly 40 1 2 2
PowerPlay Defense
Defense Defense Time % Phy DF OF
1 Patrik Nemeth Matt Delahey 60 1 2 2
2 Morgan Ellis Brett Ponich 40 1 2 2
Penalty Kill 4 Players Forward
Center Wing Time % Phy DF OF
1 Maxime Sauvé Richard Panik 60 1 2 2
2 Tomas Hertl Dave Dziurzynski 40 1 2 2
Penalty Kill 4 Players Defense
Defense Defense Time % Phy DF OF
1 Patrik Nemeth Matt Delahey 60 1 2 2
2 Morgan Ellis Brett Ponich 40 1 2 2
Penalty Kill - 3 Players Forward
Forward Time % Phy DF OF
1 Maxime Sauvé 60 1 2 2
2 Richard Panik 40 1 2 2
Penalty Kill - 3 Players Defense
Defense Defense Time % Phy DF OF
1 Patrik Nemeth Matt Delahey 60 1 2 2
2 Morgan Ellis Brett Ponich 40 1 2 2
4 vs 4 Forward
Center Wing Time % Phy DF OF
1 Alexander Wennberg Richard Panik 60 1 2 2
2 Tomas Hertl Dave Dziurzynski 40 1 2 2
4 vs 4 Defense
Defense Defense Time % Phy DF OF
1 Patrik Nemeth Matt Delahey 60 1 2 2
2 Morgan Ellis Brett Ponich 40 1 2 2
Last Minutes Offensive
Center Left Wing Right Wing Defense Defense
Maxime Sauvé Dave Dziurzynski Richard Panik Patrik Nemeth Matt Delahey
Last Minutes Defensive
Center Left Wing Right Wing Defense Defense
Maxime Sauvé Dave Dziurzynski Richard Panik Patrik Nemeth Matt Delahey
Goaltenders
Starting : Dustin Tokarski
Backup : Mike Condon
Extra Forwards
Normal : Kevin Roy, Alexander Wennberg, Stefan Noesen - PP : Kevin Roy, Alexander Wennberg - PK : Stefan Noesen
Extra Defensemen
Normal : Jonas Brodin, Derrick Pouliot, Morgan Ellis - PP : Jonas Brodin - PK : Derrick Pouliot, Morgan Ellis
Penalty Shots
Maxime Sauvé, Richard Panik, Tomas Hertl, Dave Dziurzynski, Alexander Wennberg
Scratches
Jordan Subban (Healthy), Ryan Culkin (Healthy), Austen Brassard (Healthy), Steven Santini (Healthy), Jordan Binnington (Healthy)
Remparts
5 vs 5 Forward
Center Left Wing Right Wing Time % Phy DF OF
1 Max Reinhart Andre Burakovsky Guillaume Desbiens 40 1 2 2
2 Brandon Mashinter Roberts Lipsbergs Ryan Strome 30 1 2 2
3 Chris Mueller Juuso Ikonen Justin Williams 20 1 2 2
4 Mitchell Heard Tim Bozon Anton Zlobin 10 1 2 2
5 vs 5 Defense
Defense Defense Time % Phy DF OF
1 Brandon Gormley Erik Gustafsson 40 1 2 2
2 Michal Jordan Griffin Reinhart 30 1 2 2
3 Viktor Baldayev Niklas Hansson 20 1 2 2
4 Brandon Gormley Erik Gustafsson 10 1 2 2
PowerPlay Forward
Center Left Wing Right Wing Time % Phy DF OF
1 Max Reinhart Andre Burakovsky Ryan Strome 60 1 2 2
2 Brandon Mashinter Roberts Lipsbergs Guillaume Desbiens 40 1 2 2
PowerPlay Defense
Defense Defense Time % Phy DF OF
1 Brandon Gormley Erik Gustafsson 60 1 2 2
2 Michal Jordan Griffin Reinhart 40 1 2 2
Penalty Kill 4 Players Forward
Center Wing Time % Phy DF OF
1 Max Reinhart Guillaume Desbiens 60 1 2 2
2 Brandon Mashinter Ryan Strome 40 1 2 2
Penalty Kill 4 Players Defense
Defense Defense Time % Phy DF OF
1 Brandon Gormley Erik Gustafsson 60 1 2 2
2 Michal Jordan Griffin Reinhart 40 1 2 2
Penalty Kill - 3 Players Forward
Forward Time % Phy DF OF
1 Max Reinhart 60 1 2 2
2 Brandon Mashinter 40 1 2 2
Penalty Kill - 3 Players Defense
Defense Defense Time % Phy DF OF
1 Brandon Gormley Erik Gustafsson 60 1 2 2
2 Michal Jordan Griffin Reinhart 40 1 2 2
4 vs 4 Forward
Center Wing Time % Phy DF OF
1 Max Reinhart Andre Burakovsky 60 1 2 2
2 Brandon Mashinter Ryan Strome 40 1 2 2
4 vs 4 Defense
Defense Defense Time % Phy DF OF
1 Brandon Gormley Erik Gustafsson 60 1 2 2
2 Michal Jordan Griffin Reinhart 40 1 2 2
Last Minutes Offensive
Center Left Wing Right Wing Defense Defense
Max Reinhart Andre Burakovsky Ryan Strome Brandon Gormley Griffin Reinhart
Last Minutes Defensive
Center Left Wing Right Wing Defense Defense
Max Reinhart Andre Burakovsky Ryan Strome Brandon Gormley Erik Gustafsson
Goaltenders
Starting : Tyler Plante
Backup : Jason Missiaen
Extra Forwards
Normal : Andre Burakovsky, Ryan Strome, Max Reinhart - PP : Andre Burakovsky, Ryan Strome - PK : Brandon Mashinter
Extra Defensemen
Normal : Griffin Reinhart, Brandon Gormley, Erik Gustafsson - PP : Griffin Reinhart - PK : Erik Gustafsson, Brandon Gormley
Penalty Shots
Andre Burakovsky, Ryan Strome, Justin Williams, Brandon Mashinter, Guillaume Desbiens
Scratches
Daniel Paille (Sprained Right Knee Injury), Michael Downing (Healthy), Keaton Thompson (Healthy), Kyle Platzer (Healthy), Connor Honey (Healthy)
Igor Bobkov (Healthy), François Brassard (Healthy)
% Time on Ice - Gangsters
Lines # - Real PCT - Wanted PCT - Time Play
Normal Forward
1 - 35% - 40% - 16:50
2 - 30% - 30% - 14:18
3 - 22% - 20% - 10:28
4 - 13% - 10% - 6:04
Normal Defense
1 - 41% - 40% - 19:31
2 - 35% - 30% - 16:34
3 - 20% - 20% - 9:38
4 - 4% - 10% - 1:57
PP Forward
1 - 53% - 60% - 3:12
2 - 47% - 40% - 2:49
PP Defense
1 - 58% - 60% - 3:30
2 - 42% - 40% - 2:31
PK Forward
1 - 77% - 60% - 3:22
2 - 23% - 40% - 1:02
PK Defense
1 - 66% - 60% - 2:53
2 - 34% - 40% - 1:31
PK3 Forward
1 - 0% - 60%
2 - 0% - 40%
PK3 Defense
1 - 0% - 60%
2 - 0% - 40%
44 Forward
1 - 70% - 60% - 1:21
2 - 30% - 40% - 0:34
44 Defense
1 - 77% - 60% - 1:29
2 - 23% - 40% - 0:26
Last Minute Offensive - 0:00
Last Minute Defensive - 0:00
Total
Forward - 60:00
Defense - 60:00
|
% Time on Ice - Remparts
Lines # - Real PCT - Wanted PCT - Time Play
Normal Forward
1 - 36% - 40% - 17:05
2 - 28% - 30% - 13:17
3 - 20% - 20% - 9:23
4 - 17% - 10% - 7:55
Normal Defense
1 - 40% - 40% - 19:07
2 - 32% - 30% - 15:04
3 - 24% - 20% - 11:22
4 - 4% - 10% - 2:07
PP Forward
1 - 69% - 60% - 3:03
2 - 31% - 40% - 1:21
PP Defense
1 - 61% - 60% - 2:40
2 - 39% - 40% - 1:44
PK Forward
1 - 88% - 60% - 5:19
2 - 12% - 40% - 0:42
PK Defense
1 - 58% - 60% - 3:30
2 - 42% - 40% - 2:31
PK3 Forward
1 - 0% - 60%
2 - 0% - 40%
PK3 Defense
1 - 0% - 60%
2 - 0% - 40%
44 Forward
1 - 100% - 60% - 1:55
2 - 0% - 40% - 0:00
44 Defense
1 - 74% - 60% - 1:25
2 - 26% - 40% - 0:30
Last Minute Offensive - 0:00
Last Minute Defensive - 0:00
Total
Forward - 60:00
Defense - 60:00
|
Play by Play
1st period
0:01 of 1st period - Alexander Wennberg wins face-off versus Max Reinhart in neutral zone.
0:25 of 1st period - Brandon Gormley is hit by Tomas Hertl.
0:57 of 1st period - Snap shot by Chris Mueller.
0:57 of 1st period - Deflect By Morgan Ellis.
0:57 of 1st period - Stopped by Dustin Tokarski without a rebound.
0:58 of 1st period - Mitchell Heard wins face-off versus Alexander Wennberg in Gangsters zone.
1:03 of 1st period - Slapshot by Brandon Gormley.
1:03 of 1st period - Shot Misses the Net.
1:11 of 1st period - Wrist shot by Richard Panik.
1:11 of 1st period - Shot Misses the Net.
1:25 of 1st period - Jonas Brodin is hit by Brandon Gormley and loses puck.
1:48 of 1st period - Chris Mueller is hit by Tomas Hertl and loses puck.
3:12 of 1st period - Off-side.
3:13 of 1st period - Tomas Hertl wins face-off versus Brandon Mashinter in neutral zone.
3:15 of 1st period - Off-side.
3:16 of 1st period - Tomas Hertl wins face-off versus Max Reinhart in neutral zone.
4:28 of 1st period - Snap shot by Maxime Sauvé.
4:28 of 1st period - Shot Misses the Net.
4:35 of 1st period - Off-side.
4:36 of 1st period - Max Reinhart wins face-off versus Tomas Hertl in neutral zone.
4:49 of 1st period - Snap shot by Tomas Hertl.
4:49 of 1st period - Shot Hit the Post.
5:01 of 1st period - Richard Panik is hit by Justin Williams.
5:05 of 1st period - Snap shot by Justin Williams.
5:05 of 1st period - Stopped by Dustin Tokarski without a rebound.
5:06 of 1st period - Alexander Wennberg wins face-off versus Chris Mueller in Gangsters zone.
5:31 of 1st period - Max Reinhart is hit by Maxime Sauvé and loses puck.
6:01 of 1st period - Off-side.
6:02 of 1st period - Richard Panik wins face-off versus Brandon Mashinter in neutral zone.
6:13 of 1st period - Snap shot by Alexander Wennberg.
6:13 of 1st period - Stopped by Tyler Plante with a rebound.
6:27 of 1st period - Brandon Mashinter is hit by Tomas Hertl and loses puck.
6:50 of 1st period - Ryan Strome is hit by Devante Smith-Pelly and loses puck.
6:55 of 1st period - Snap shot by Tomas Hertl.
6:55 of 1st period - Shot Blocked by Griffin Reinhart.
7:13 of 1st period - Snap shot by Tomas Hertl.
7:13 of 1st period - Deflect By Devante Smith-Pelly.
7:13 of 1st period - Stopped by Tyler Plante with a rebound.
7:35 of 1st period - Snap shot by Tomas Hertl.
7:35 of 1st period - Stopped by Tyler Plante with a rebound.
7:37 of 1st period - Snap shot by David Pope.
7:37 of 1st period - Deflect By Devante Smith-Pelly.
7:37 of 1st period - Stopped by Tyler Plante with a rebound.
7:39 of 1st period - Slapshot by Brett Ponich.
7:39 of 1st period - Shot Blocked by Brandon Mashinter.
7:41 of 1st period - Wrist shot by Brett Ponich.
7:41 of 1st period - Shot Misses the Net.
7:43 of 1st period - Snap shot by Devante Smith-Pelly.
7:43 of 1st period - Deflect By Brandon Mashinter.
7:43 of 1st period - Shot Misses the Net.
7:43 of 1st period - Puck is out of play.
7:44 of 1st period - Max Reinhart wins face-off versus Alexander Wennberg in Remparts zone.
8:59 of 1st period - Slapshot by Guillaume Desbiens.
8:59 of 1st period - Shot Misses the Net.
9:17 of 1st period - Backhand shot by Brandon Gormley.
9:17 of 1st period - Deflect By Derrick Pouliot.
9:17 of 1st period - Stopped by Dustin Tokarski with a rebound.
9:25 of 1st period - Wrist shot by Seth Griffith.
9:25 of 1st period - Shot Misses the Net.
9:27 of 1st period - Slapshot by Jonas Brodin.
9:27 of 1st period - Stopped by Tyler Plante without a rebound.
9:28 of 1st period - Max Reinhart wins face-off versus Alexander Wennberg in Remparts zone.
12:25 of 1st period - Slapshot by Brandon Mashinter.
12:25 of 1st period - Stopped by Dustin Tokarski without a rebound.
12:26 of 1st period - Brandon Mashinter wins face-off versus Maxime Sauvé in Gangsters zone.
12:33 of 1st period - Snap shot by Brandon Mashinter.
12:33 of 1st period - Stopped by Dustin Tokarski with a rebound.
12:35 of 1st period - Slapshot by Brandon Gormley.
12:35 of 1st period - Deflect By Ryan Strome.
12:35 of 1st period - Shot Misses the Net.
12:35 of 1st period - Puck is out of play.
12:36 of 1st period - Max Reinhart wins face-off versus Maxime Sauvé in Gangsters zone.
13:33 of 1st period - Snap shot by Dave Dziurzynski.
13:33 of 1st period - Stopped by Tyler Plante with a rebound.
13:47 of 1st period - Slapshot by Guillaume Desbiens.
13:47 of 1st period - Stopped by Dustin Tokarski with a rebound.
13:49 of 1st period - Snap shot by Max Reinhart.
13:49 of 1st period - Stopped by Dustin Tokarski with a rebound.
13:51 of 1st period - Snap shot by Griffin Reinhart.
13:51 of 1st period - Shot Misses the Net.
13:53 of 1st period - Slapshot by Michal Jordan.
13:53 of 1st period - Deflect By Derrick Pouliot.
13:53 of 1st period - Stopped by Dustin Tokarski without a rebound.
13:54 of 1st period - Brandon Mashinter wins face-off versus Maxime Sauvé in Gangsters zone.
13:55 of 1st period - Snap shot by Ryan Strome.
13:55 of 1st period - Shot Misses the Net.
13:57 of 1st period - Wrist shot by Brandon Mashinter.
13:57 of 1st period - Deflect By Ryan Strome.
13:57 of 1st period - Stopped by Dustin Tokarski with a rebound.
13:59 of 1st period - Snap shot by Brandon Gormley.
13:59 of 1st period - Shot Misses the Net.
14:01 of 1st period - Snap shot by Erik Gustafsson.
14:01 of 1st period - Deflect By Maxime Sauvé.
14:01 of 1st period - Stopped by Dustin Tokarski with a rebound.
14:05 of 1st period - Slapshot by Ryan Strome.
14:05 of 1st period - Shot Blocked by Maxime Sauvé.
14:07 of 1st period - Snap shot by Brandon Gormley.
14:07 of 1st period - Shot Blocked by Stefan Noesen.
14:09 of 1st period - Slapshot by Ryan Strome.
14:09 of 1st period - Shot Misses the Net.
15:24 of 1st period - Derrick Pouliot is hit by Ryan Strome and loses puck.
15:37 of 1st period - Patrik Nemeth is hit by Michal Jordan and loses puck.
16:22 of 1st period - Minor Penalty to Mitchell Heard for Tripping.
16:23 of 1st period - Alexander Wennberg wins face-off versus Max Reinhart in Remparts zone.
16:36 of 1st period - Snap shot by Dave Dziurzynski.
16:36 of 1st period - Shot Misses the Net.
16:38 of 1st period - Snap shot by Alexander Wennberg.
16:38 of 1st period - Stopped by Tyler Plante with a rebound.
18:22 of 1st period - Penalty to Mitchell Heard is over, Mitchell Heard is back on ice.
18:53 of 1st period - Wrist shot by Seth Griffith.
18:53 of 1st period - Shot Misses the Net.
19:26 of 1st period - Icing by Ryan Strome.
19:27 of 1st period - Maxime Sauvé wins face-off versus Ryan Strome in Remparts zone.
19:28 of 1st period - Snap shot by Stefan Noesen.
19:28 of 1st period - Stopped by Tyler Plante with a rebound.
19:47 of 1st period - Richard Panik is hit by Max Reinhart and loses puck.
Goals for this period are 0 for Gangsters vs 0 for Remparts.
Shots for this period are 8 for Gangsters vs 10 for Remparts.
2nd period
0:01 of 2nd period - Max Reinhart wins face-off versus Dave Dziurzynski in neutral zone.
0:04 of 2nd period - Backhand shot by Brandon Gormley.
0:04 of 2nd period - Shot Misses the Net.
0:06 of 2nd period - Slapshot by Guillaume Desbiens.
0:06 of 2nd period - Shot Misses the Net.
0:08 of 2nd period - Slapshot by Max Reinhart.
0:08 of 2nd period - Shot Misses the Net.
0:10 of 2nd period - Slapshot by Guillaume Desbiens.
0:10 of 2nd period - Stopped by Dustin Tokarski without a rebound.
0:11 of 2nd period - Alexander Wennberg wins face-off versus Max Reinhart in Gangsters zone.
0:13 of 2nd period - Icing by Dave Dziurzynski.
0:14 of 2nd period - Max Reinhart wins face-off versus Alexander Wennberg in Gangsters zone.
0:25 of 2nd period - Snap shot by Richard Panik.
0:25 of 2nd period - Shot Blocked by Erik Gustafsson.
1:07 of 2nd period - Snap shot by Stefan Noesen.
1:07 of 2nd period - Goal by Stefan Noesen - Gangsters : 1 - Remparts : 0.
1:08 of 2nd period - Max Reinhart wins face-off versus Richard Panik in neutral zone.
1:13 of 2nd period - Slapshot by Andre Burakovsky.
1:13 of 2nd period - Stopped by Dustin Tokarski without a rebound.
1:14 of 2nd period - Alexander Wennberg wins face-off versus Max Reinhart in Gangsters zone.
1:21 of 2nd period - Slapshot by Matt Delahey.
1:21 of 2nd period - Stopped by Tyler Plante with a rebound.
1:43 of 2nd period - Patrik Nemeth is hit by Ryan Strome and loses puck.
1:51 of 2nd period - Icing by Devante Smith-Pelly.
1:52 of 2nd period - Tomas Hertl wins face-off versus Max Reinhart in Gangsters zone.
2:13 of 2nd period - Wrist shot by Tomas Hertl.
2:13 of 2nd period - Stopped by Tyler Plante with a rebound.
2:25 of 2nd period - Ryan Strome is hit by Morgan Ellis and loses puck.
2:42 of 2nd period - Minor Penalty to Brett Ponich for Roughing.
2:43 of 2nd period - Max Reinhart wins face-off versus Maxime Sauvé in Gangsters zone.
2:44 of 2nd period - Snap shot by Ryan Strome.
2:44 of 2nd period - Shot Blocked by Matt Delahey.
2:46 of 2nd period - Wrist shot by Andre Burakovsky.
2:46 of 2nd period - Shot Misses the Net.
2:48 of 2nd period - Slapshot by Griffin Reinhart.
2:48 of 2nd period - Shot Misses the Net.
2:50 of 2nd period - Slapshot by Griffin Reinhart.
2:50 of 2nd period - Deflect By Ryan Strome.
2:50 of 2nd period - Shot Misses the Net.
2:50 of 2nd period - Puck is out of play.
2:51 of 2nd period - Max Reinhart wins face-off versus Maxime Sauvé in Gangsters zone.
3:04 of 2nd period - Slapshot by Michal Jordan.
3:04 of 2nd period - Goal by Michal Jordan - Gangsters : 1 - Remparts : 1.
3:05 of 2nd period - Alexander Wennberg wins face-off versus Max Reinhart in neutral zone.
3:08 of 2nd period - Snap shot by Alexander Wennberg.
3:08 of 2nd period - Shot Blocked by Max Reinhart.
3:10 of 2nd period - Slapshot by Patrik Nemeth.
3:10 of 2nd period - Stopped by Tyler Plante with a rebound.
3:12 of 2nd period - Snap shot by Dave Dziurzynski.
3:12 of 2nd period - Stopped by Tyler Plante without a rebound.
3:13 of 2nd period - Max Reinhart wins face-off versus Alexander Wennberg in Remparts zone.
3:24 of 2nd period - Wrist shot by Guillaume Desbiens.
3:24 of 2nd period - Goal by Guillaume Desbiens - Gangsters : 1 - Remparts : 2.
3:25 of 2nd period - Alexander Wennberg wins face-off versus Max Reinhart in neutral zone.
3:40 of 2nd period - Snap shot by Guillaume Desbiens.
3:40 of 2nd period - Deflect By Max Reinhart.
3:40 of 2nd period - Shot Misses the Net.
3:40 of 2nd period - Puck is out of play.
3:41 of 2nd period - Brandon Mashinter wins face-off versus Tomas Hertl in Gangsters zone.
4:08 of 2nd period - Erik Gustafsson is hit by Richard Panik and loses puck.
4:37 of 2nd period - Wrist shot by Justin Williams.
4:37 of 2nd period - Shot Misses the Net.
4:39 of 2nd period - Snap shot by Juuso Ikonen.
4:39 of 2nd period - Goal by Juuso Ikonen - Gangsters : 1 - Remparts : 3.
4:40 of 2nd period - Max Reinhart wins face-off versus Alexander Wennberg in neutral zone.
4:56 of 2nd period - Minor Penalty to Dave Dziurzynski for Hooking.
4:57 of 2nd period - Max Reinhart wins face-off versus Maxime Sauvé in Gangsters zone.
5:00 of 2nd period - Minor Penalty to Andre Burakovsky for Tripping.
5:01 of 2nd period - Alexander Wennberg wins face-off versus Max Reinhart in Remparts zone.
5:09 of 2nd period - Slapshot by Alexander Wennberg.
5:09 of 2nd period - Shot Misses the Net.
5:54 of 2nd period - Juuso Ikonen is hit by Tomas Hertl and loses puck.
6:02 of 2nd period - Icing by Michal Jordan.
6:03 of 2nd period - Ryan Strome wins face-off versus Alexander Wennberg in Remparts zone.
6:10 of 2nd period - Slapshot by Griffin Reinhart.
6:10 of 2nd period - Shot Misses the Net.
6:12 of 2nd period - Wrist shot by Ryan Strome.
6:12 of 2nd period - Goal by Ryan Strome - Gangsters : 1 - Remparts : 4.
6:12 of 2nd period - Mike Condon enters game.
6:13 of 2nd period - Max Reinhart wins face-off versus Alexander Wennberg in neutral zone.
6:18 of 2nd period - Snap shot by Ryan Strome.
6:18 of 2nd period - Stopped by Mike Condon with a rebound.
6:54 of 2nd period - Slapshot by Matt Delahey.
6:54 of 2nd period - Stopped by Tyler Plante with a rebound.
6:56 of 2nd period - Penalty to Dave Dziurzynski is over, Dave Dziurzynski is back on ice.
7:00 of 2nd period - Penalty to Andre Burakovsky is over, Andre Burakovsky is back on ice.
7:00 of 2nd period - Wrist shot by Tomas Hertl.
7:00 of 2nd period - Goal by Tomas Hertl - Gangsters : 2 - Remparts : 4.
7:01 of 2nd period - Alexander Wennberg wins face-off versus Brandon Mashinter in neutral zone.
7:37 of 2nd period - Michal Jordan is hit by Patrik Nemeth and loses puck.
7:51 of 2nd period - Wrist shot by Justin Williams.
7:51 of 2nd period - Stopped by Mike Condon without a rebound.
7:52 of 2nd period - Stefan Noesen wins face-off versus Chris Mueller in Gangsters zone.
7:52 of 2nd period - Stefan Noesen is hit by Justin Williams.
8:06 of 2nd period - Slapshot by Brandon Gormley.
8:06 of 2nd period - Shot Blocked by Morgan Ellis.
8:08 of 2nd period - Snap shot by Justin Williams.
8:08 of 2nd period - Shot Blocked by Morgan Ellis.
8:46 of 2nd period - Snap shot by Mitchell Heard.
8:46 of 2nd period - Shot Blocked by Patrik Nemeth.
8:48 of 2nd period - Slapshot by Brandon Gormley.
8:48 of 2nd period - Stopped by Mike Condon without a rebound.
8:49 of 2nd period - Alexander Wennberg wins face-off versus Max Reinhart in Gangsters zone.
9:02 of 2nd period - Snap shot by Alexander Wennberg.
9:02 of 2nd period - Stopped by Tyler Plante without a rebound.
9:03 of 2nd period - Alexander Wennberg wins face-off versus Max Reinhart in Remparts zone.
9:35 of 2nd period - Wrist shot by Devante Smith-Pelly.
9:35 of 2nd period - Stopped by Tyler Plante without a rebound.
9:36 of 2nd period - Brandon Mashinter wins face-off versus Tomas Hertl in Remparts zone.
9:41 of 2nd period - Backhand shot by Ryan Strome.
9:41 of 2nd period - Stopped by Mike Condon with a rebound.
9:43 of 2nd period - Slapshot by Brandon Gormley.
9:43 of 2nd period - Stopped by Mike Condon without a rebound.
9:44 of 2nd period - Brandon Mashinter wins face-off versus Alexander Wennberg in Gangsters zone.
9:51 of 2nd period - Wrist shot by Ryan Strome.
9:51 of 2nd period - Stopped by Mike Condon with a rebound.
9:57 of 2nd period - Erik Gustafsson is hit by Alexander Wennberg.
10:09 of 2nd period - Erik Gustafsson is hit by Tomas Hertl and loses puck.
10:14 of 2nd period - Snap shot by Devante Smith-Pelly.
10:14 of 2nd period - Shot Blocked by Andre Burakovsky.
10:16 of 2nd period - Wrist shot by Tomas Hertl.
10:16 of 2nd period - Shot Blocked by Erik Gustafsson.
10:18 of 2nd period - Wrist shot by Devante Smith-Pelly.
10:18 of 2nd period - Stopped by Tyler Plante without a rebound.
10:19 of 2nd period - Brandon Mashinter wins face-off versus Maxime Sauvé in Remparts zone.
11:19 of 2nd period - Minor Penalty to David Pope for Hooking.
11:20 of 2nd period - Maxime Sauvé wins face-off versus Max Reinhart in Gangsters zone.
11:31 of 2nd period - Wrist shot by Ryan Strome.
11:31 of 2nd period - Deflect By Andre Burakovsky.
11:31 of 2nd period - Stopped by Mike Condon with a rebound.
11:33 of 2nd period - Wrist shot by Andre Burakovsky.
11:33 of 2nd period - Shot Misses the Net.
11:35 of 2nd period - Slapshot by Max Reinhart.
11:35 of 2nd period - Stopped by Mike Condon without a rebound.
11:36 of 2nd period - Maxime Sauvé wins face-off versus Max Reinhart in Gangsters zone.
12:03 of 2nd period - Maxime Sauvé is hit by Roberts Lipsbergs and loses puck.
12:44 of 2nd period - Wrist shot by Dave Dziurzynski.
12:44 of 2nd period - Stopped by Tyler Plante with a rebound.
13:19 of 2nd period - Penalty to David Pope is over, David Pope is back on ice.
13:40 of 2nd period - Slapshot by Tomas Hertl.
13:40 of 2nd period - Shot Blocked by Viktor Baldayev.
13:43 of 2nd period - Icing by Mitchell Heard.
13:44 of 2nd period - Maxime Sauvé wins face-off versus Tim Bozon in Remparts zone.
13:47 of 2nd period - Slapshot by Maxime Sauvé.
13:47 of 2nd period - Shot Blocked by Viktor Baldayev.
14:33 of 2nd period - Snap shot by Guillaume Desbiens.
14:33 of 2nd period - Stopped by Mike Condon with a rebound.
14:35 of 2nd period - Wrist shot by Andre Burakovsky.
14:35 of 2nd period - Shot Misses the Net.
14:37 of 2nd period - Slapshot by Niklas Hansson.
14:37 of 2nd period - Deflect By Guillaume Desbiens.
14:37 of 2nd period - Deflect By Alexander Wennberg.
14:37 of 2nd period - Stopped by Mike Condon with a rebound.
14:46 of 2nd period - Richard Panik is hit by Brandon Mashinter and loses puck.
15:59 of 2nd period - Seth Griffith is hit by Brandon Gormley.
16:08 of 2nd period - Slapshot by Patrik Nemeth.
16:08 of 2nd period - Stopped by Tyler Plante with a rebound.
16:50 of 2nd period - Wrist shot by Chris Mueller.
16:50 of 2nd period - Stopped by Mike Condon with a rebound.
17:36 of 2nd period - Mitchell Heard is hit by Richard Panik and loses puck.
17:55 of 2nd period - Tomas Hertl is hit by Griffin Reinhart.
18:38 of 2nd period - Viktor Baldayev is hit by Richard Panik and loses puck.
19:34 of 2nd period - Patrik Nemeth is hit by Guillaume Desbiens and loses puck.
19:35 of 2nd period - Patrik Nemeth from Gangsters is injured at 19:35 of 2nd period (Left Hand).
19:36 of 2nd period - Max Reinhart wins face-off versus Alexander Wennberg in Gangsters zone.
19:43 of 2nd period - Slapshot by Guillaume Desbiens.
19:43 of 2nd period - Shot Misses the Net.
19:45 of 2nd period - Wrist shot by Max Reinhart.
19:45 of 2nd period - Shot Misses the Net.
19:47 of 2nd period - Slapshot by Max Reinhart.
19:47 of 2nd period - Shot Misses the Net.
19:49 of 2nd period - Snap shot by Max Reinhart.
19:49 of 2nd period - Shot Blocked by Jonas Brodin.
19:51 of 2nd period - Slapshot by Brandon Gormley.
19:51 of 2nd period - Shot Misses the Net.
Goals for this period are 2 for Gangsters vs 4 for Remparts.
Shots for this period are 12 for Gangsters vs 17 for Remparts.
3rd period
0:01 of 3rd period - Alexander Wennberg wins face-off versus Max Reinhart in neutral zone.
0:01 of 3rd period - Matt Delahey is hit by Guillaume Desbiens and loses puck.
0:29 of 3rd period - Minor Penalty to Ryan Strome for High sticking.
0:30 of 3rd period - Alexander Wennberg wins face-off versus Max Reinhart in Remparts zone.
0:44 of 3rd period - Wrist shot by Dave Dziurzynski.
0:44 of 3rd period - Shot Misses the Net.
0:46 of 3rd period - Slapshot by Matt Delahey.
0:46 of 3rd period - Shot Misses the Net.
1:02 of 3rd period - Erik Gustafsson is hit by Devante Smith-Pelly and loses puck.
1:17 of 3rd period - Backhand shot by Brandon Mashinter.
1:17 of 3rd period - Shot Misses the Net.
1:51 of 3rd period - Icing by Alexander Wennberg.
1:52 of 3rd period - Alexander Wennberg wins face-off versus Brandon Mashinter in Gangsters zone.
2:29 of 3rd period - Penalty to Ryan Strome is over, Ryan Strome is back on ice.
3:00 of 3rd period - Snap shot by Maxime Sauvé.
3:00 of 3rd period - Shot Blocked by Brandon Gormley.
4:35 of 3rd period - Slapshot by Matt Delahey.
4:35 of 3rd period - Shot Misses the Net.
4:49 of 3rd period - Snap shot by Maxime Sauvé.
4:49 of 3rd period - Stopped by Tyler Plante without a rebound.
4:50 of 3rd period - Maxime Sauvé wins face-off versus Mitchell Heard in Remparts zone.
4:55 of 3rd period - Wrist shot by Stefan Noesen.
4:55 of 3rd period - Shot Blocked by Viktor Baldayev.
4:57 of 3rd period - Wrist shot by Phillip Danault.
4:57 of 3rd period - Shot Blocked by Viktor Baldayev.
5:07 of 3rd period - Stefan Noesen is hit by Tim Bozon and loses puck.
5:20 of 3rd period - Slapshot by Stefan Noesen.
5:20 of 3rd period - Stopped by Tyler Plante without a rebound.
5:21 of 3rd period - Max Reinhart wins face-off versus Alexander Wennberg in Remparts zone.
5:21 of 3rd period - Max Reinhart is hit by Dave Dziurzynski.
6:27 of 3rd period - Wrist shot by Max Reinhart.
6:27 of 3rd period - Stopped by Mike Condon without a rebound.
6:28 of 3rd period - Brandon Mashinter wins face-off versus Alexander Wennberg in Gangsters zone.
6:29 of 3rd period - Slapshot by Ryan Strome.
6:29 of 3rd period - Stopped by Mike Condon without a rebound.
6:30 of 3rd period - Brandon Mashinter wins face-off versus Alexander Wennberg in Gangsters zone.
6:35 of 3rd period - Snap shot by Brandon Mashinter.
6:35 of 3rd period - Shot Misses the Net.
6:41 of 3rd period - Snap shot by Ryan Strome.
6:41 of 3rd period - Stopped by Mike Condon without a rebound.
6:42 of 3rd period - Alexander Wennberg wins face-off versus Roberts Lipsbergs in Gangsters zone.
6:42 of 3rd period - Alexander Wennberg is hit by Roberts Lipsbergs.
6:50 of 3rd period - Snap shot by Richard Panik.
6:50 of 3rd period - Stopped by Tyler Plante without a rebound.
6:51 of 3rd period - Alexander Wennberg wins face-off versus Brandon Mashinter in Remparts zone.
6:52 of 3rd period - Slapshot by Richard Panik.
6:52 of 3rd period - Shot Misses the Net.
6:54 of 3rd period - Slapshot by Matt Delahey.
6:54 of 3rd period - Shot Misses the Net.
6:56 of 3rd period - Snap shot by Dave Dziurzynski.
6:56 of 3rd period - Shot Blocked by Brandon Gormley.
6:58 of 3rd period - Wrist shot by Dave Dziurzynski.
6:58 of 3rd period - Shot Misses the Net.
7:00 of 3rd period - Wrist shot by Dave Dziurzynski.
7:00 of 3rd period - Stopped by Tyler Plante without a rebound.
7:01 of 3rd period - Guillaume Desbiens wins face-off versus Alexander Wennberg in Remparts zone.
7:03 of 3rd period - Minor Penalty to Guillaume Desbiens for Hooking.
7:04 of 3rd period - Max Reinhart wins face-off versus Alexander Wennberg in Remparts zone.
9:03 of 3rd period - Penalty to Guillaume Desbiens is over, Guillaume Desbiens is back on ice.
9:08 of 3rd period - Slapshot by Brandon Gormley.
9:08 of 3rd period - Stopped by Mike Condon without a rebound.
9:09 of 3rd period - Max Reinhart wins face-off versus Maxime Sauvé in Gangsters zone.
9:10 of 3rd period - Wrist shot by Guillaume Desbiens.
9:10 of 3rd period - Stopped by Mike Condon without a rebound.
9:11 of 3rd period - Maxime Sauvé wins face-off versus Max Reinhart in Gangsters zone.
9:42 of 3rd period - Snap shot by Justin Williams.
9:42 of 3rd period - Goal by Justin Williams - Gangsters : 2 - Remparts : 5.
9:43 of 3rd period - Alexander Wennberg wins face-off versus Max Reinhart in neutral zone.
10:08 of 3rd period - Ryan Strome is hit by David Pope and loses puck.
10:19 of 3rd period - Backhand shot by Devante Smith-Pelly.
10:19 of 3rd period - Stopped by Tyler Plante with a rebound.
10:33 of 3rd period - Wrist shot by Seth Griffith.
10:33 of 3rd period - Shot Blocked by Chris Mueller.
10:57 of 3rd period - Snap shot by Andre Burakovsky.
10:57 of 3rd period - Stopped by Mike Condon without a rebound.
10:58 of 3rd period - Max Reinhart wins face-off versus Tomas Hertl in Gangsters zone.
11:17 of 3rd period - Snap shot by Andre Burakovsky.
11:17 of 3rd period - Shot Misses the Net.
11:57 of 3rd period - Maxime Sauvé is hit by Chris Mueller and loses puck.
12:12 of 3rd period - Slapshot by Seth Griffith.
12:12 of 3rd period - Stopped by Tyler Plante with a rebound.
12:14 of 3rd period - Slapshot by Morgan Ellis.
12:14 of 3rd period - Shot Misses the Net.
12:48 of 3rd period - Snap shot by Ryan Strome.
12:48 of 3rd period - Goal by Ryan Strome - Gangsters : 2 - Remparts : 6.
12:49 of 3rd period - Alexander Wennberg wins face-off versus Max Reinhart in neutral zone.
12:51 of 3rd period - Minor Penalty to Jonas Brodin for Hooking.
12:52 of 3rd period - Max Reinhart wins face-off versus Maxime Sauvé in Gangsters zone.
12:54 of 3rd period - Slapshot by Brandon Gormley.
12:54 of 3rd period - Stopped by Mike Condon without a rebound.
12:55 of 3rd period - Max Reinhart wins face-off versus Maxime Sauvé in Gangsters zone.
13:25 of 3rd period - Icing by Brandon Mashinter.
13:26 of 3rd period - Maxime Sauvé wins face-off versus Brandon Mashinter in Remparts zone.
13:44 of 3rd period - Icing by Ryan Strome.
13:45 of 3rd period - Max Reinhart wins face-off versus Tomas Hertl in Remparts zone.
13:45 of 3rd period - Max Reinhart is hit by Dave Dziurzynski.
14:08 of 3rd period - Snap shot by Brandon Gormley.
14:08 of 3rd period - Stopped by Mike Condon with a rebound.
14:10 of 3rd period - Slapshot by Erik Gustafsson.
14:10 of 3rd period - Deflect By Max Reinhart.
14:10 of 3rd period - Stopped by Mike Condon without a rebound.
14:11 of 3rd period - Maxime Sauvé wins face-off versus Brandon Mashinter in Gangsters zone.
14:51 of 3rd period - Penalty to Jonas Brodin is over, Jonas Brodin is back on ice.
15:48 of 3rd period - Icing by Erik Gustafsson.
15:49 of 3rd period - Seth Griffith wins face-off versus Ryan Strome in Remparts zone.
16:44 of 3rd period - Wrist shot by Guillaume Desbiens.
16:44 of 3rd period - Stopped by Mike Condon without a rebound.
16:45 of 3rd period - Tomas Hertl wins face-off versus Max Reinhart in Gangsters zone.
18:40 of 3rd period - Brandon Mashinter is hit by Richard Panik.
19:28 of 3rd period - Off-side.
19:29 of 3rd period - Max Reinhart wins face-off versus Maxime Sauvé in neutral zone.
19:35 of 3rd period - Andre Burakovsky is hit by Stefan Noesen and loses puck.
Goals for this period are 0 for Gangsters vs 2 for Remparts.
Shots for this period are 6 for Gangsters vs 12 for Remparts.
Back to the Top